Map: Catalyst LE

Players

Reynor - Winner!

  • Race: Zerg Zerg
  • League: Grandmaster
  • Spawn Location: 11:00

Bly

  • Race: Zerg Zerg
  • Spawn Location: 5:00

Event: WESG Barcelona European Finals 2017

VOD

Have the link to the VOD?

Description

Time

  • Played on: Nov. 23, 2017, 11:55 a.m.
  • Length: 8:49

All games in this series

Show
View Real Time Build Order
Export as new Build Order

Reynor Zerg - Winner!

Build Orders: Pool First 

Get SALT Encoding   

  12  0:00  Drone  
  13  0:12  Overlord  
  13  0:17  Drone  
  14  0:23  Extractor  
  14  0:24  Drone  
  15  0:31  Drone  
  16  0:39  Drone  
  16  0:40  Extractor  
  16  0:46  Drone  
  17  0:53  Spawning Pool  
  17  0:56  Drone  
  17  1:06  Drone  
  18  1:24  Hatchery  
  18  1:40  Zergling x6  
  18  1:44  Queen  
  22  1:50  Metabolic Boost  
  22  1:55  Extractor  
  22  1:56  Zergling x2  
  23  2:02  Overlord  
  23  2:21  Zergling x2  
  24  2:22  Queen  
  24  2:27  Zergling x2  
  27  2:35  Zergling x4  
  28  2:45  Zergling x2  
  28  2:46  Zergling x2  
  32  2:54  Zergling x6  
  33  2:59  Overlord  
  33  3:02  Zergling x2  
  34  3:08  Drone  
  34  3:09  Drone  
  38  3:21  Drone  
  39  3:27  Zergling x2  
  39  3:32  Zergling x2  
  41  3:34  Zergling x2  
  41  3:35  Zergling x4  
  41  3:39  Overlord  
  43  3:42  Drone  
  43  3:48  Zergling x4  
  43  3:50  Overlord  
  43  3:55  Zergling x4  
  41  4:03  Zergling x2  
  41  4:12  Drone  
  41  4:14  Drone x4  
  45  4:17  Drone  
  45  4:21  Evolution Chamber  
  45  4:22  Drone  
  40  4:37  Hatchery  
  40  4:38  Drone  
  36  4:39  Drone  
  36  4:42  Drone  
  36  4:44  Drone  
  38  4:47  Drone  
  38  4:52  Zerg Missile Weapons Level 1  
  38  4:58  Drone x2  
  39  5:03  Drone x4  
  43  5:08  Queen  
  45  5:16  Zergling x4  
  45  5:19  Zergling x8  
  49  5:24  Overlord  
  49  5:31  Drone x2, Roach Warren  
  49  5:32  Drone  
  49  5:34  Drone  
  52  5:39  Drone  
  53  5:43  Zergling x2  
  53  5:46  Drone  
  53  5:47  Drone x2  
  53  5:49  Lair, Extractor  
  56  5:50  Extractor  
  56  5:54  Zergling x6  
  56  5:56  Drone  
  59  6:00  Queen  
  59  6:10  Zergling x6  
  57  6:12  Drone x2  
  57  6:13  Overlord  
  57  6:15  Drone x2  
  61  6:22  Drone x2  
  61  6:23  Drone x4  
  67  6:32  Roach x3  
  73  6:33  Roach  
  75  6:40  Roach  
  75  6:43  Roach x2  
  81  6:51  Evolution Chamber  
  81  6:53  Evolution Chamber  
  78  6:55  Roach x2  
  78  6:57  Evolution Chamber, Overlord  
  78  6:58  Glial Reconstitution  
  79  7:02  Roach  
  79  7:05  Overlord  
  81  7:14  Overlord  
  81  7:17  Roach x4  
  81  7:22  Overseer, Overlord  
  89  7:23  Overlord  
  89  7:24  Roach x2  
  89  7:27  Roach  
  89  7:28  Roach  
  97  7:36  Roach x4  
  103  7:39  Roach  
  103  7:41  Overlord  
  105  7:44  Roach  
  105  7:45  Roach  
  105  7:48  Roach  
  111  7:52  Roach x2  
  111  7:56  Roach x2  
  119  8:03  Overlord  
  125  8:05  Roach x3  
  125  8:11  Roach x2  
  129  8:12  Overlord  
  129  8:19  Overlord  
  129  8:25  Roach x4  
  137  8:27  Overlord  
Show
View Real Time Build Order
Export as new Build Order

Bly Zerg 

Build Orders: Pool First 

Get SALT Encoding   

  12  0:18  Spawning Pool  
  11  0:22  Drone  
  11  0:26  Drone  
  13  0:32  Drone  
  14  0:40  Overlord  
  14  1:05  Zergling x6  
  17  1:16  Zergling x2  
  18  1:20  Hatchery  
  17  1:27  Zergling x2  
  18  1:34  Queen  
  18  1:39  Zergling x2  
  21  1:50  Overlord  
  21  2:00  Drone  
  21  2:10  Drone  
  21  2:11  Queen  
  24  2:21  Drone  
  25  2:33  Drone x2  
  27  2:42  Drone  
  25  2:45  Drone  
  25  2:46  Drone x2  
  25  2:47  Queen  
  30  2:56  Drone x2  
  32  3:03  Spine Crawler  
  29  3:10  Zergling x2  
  29  3:11  Zergling x4  
  32  3:15  Zergling x2  
  33  3:21  Zergling x2  
  33  3:22  Queen  
  35  3:38  Zergling x4  
  35  3:39  Overlord  
  35  3:41  Overlord  
  36  3:42  Spine Crawler  
  35  3:55  Zergling x6  
  31  4:04  Drone x2  
  31  4:08  Extractor  
  31  4:09  Extractor  
  31  4:11  Drone x2  
  33  4:17  Drone x3  
  35  4:32  Zergling x6, Queen  
  30  4:45  Zergling x2  
  30  4:46  Zergling x6  
  30  4:52  Drone  
  35  4:58  Drone  
  35  5:02  Overlord  
  34  5:17  Drone x3  
  37  5:22  Drone  
  38  5:33  Hatchery  
  37  5:38  Metabolic Boost  
  37  5:43  Drone  
  37  5:47  Drone x2  
  40  5:55  Drone  
  40  5:56  Drone  
  42  6:04  Drone x5  
  40  6:24  Zergling x2, Baneling Nest  
  40  6:25  Zergling x12  
  46  6:28  Zergling x4  
  46  6:30  Zergling x2  
  49  6:53  Zergling x20  
  59  7:06  Overlord  
  59  7:09  Hatchery  
  59  7:14  Overlord  
  57  7:17  Drone x2  
  57  7:20  Roach Warren  
  57  7:21  Drone x2  
  60  7:26  Drone x2  
  60  7:27  Drone  
  60  7:37  Overlord  
  60  7:41  Overlord  
  60  7:42  Overlord  
  60  7:45  Unknown  
  60  7:57  Extractor  
  59  8:00  Drone x2  
  59  8:01  Drone  
  62  8:10  Drone  
  62  8:12  Roach x6  
  75  8:21  Spine Crawler  
  75  8:22  Roach x3  
  75  8:24  Spine Crawler  
  79  8:28  Evolution Chamber  
  79  8:31  Evolution Chamber  
Tags
 
Add a new tag
Caveats
  • Supply blocks, unpowered buildings, or Contaminate may cause inaccurate times.
  • Supply counts are checked every 10 seconds.